 Dungeon Crawl Stone Soup version 0.28.0 (webtiles) character file.

Game seed: 11432469700601232995

12 SnakkuSnakku7 the Charlatan (level 2, -1/16 HPs)
             Began as a Deep Elf Artificer on Feb 16, 2022.
             Slain by an orc (2 damage)
             ... on level 2 of the Dungeon.
             The game lasted 00:01:14 (1294 turns).

SnakkuSnakku7 the Charlatan (Deep Elf Artificer)    Turns: 1294, Time: 00:01:15

Health: -1/16      AC:  3    Str:  9    XL:     2   Next: 20%
Magic:  4/4        EV: 12    Int: 15    God:
Gold:   77         SH:  0    Dex: 15    Spells: 1/1 levels left

rFire   . . .      SeeInvis .   a - +0 club
rCold   . . .      Faith    .   (no shield)
rNeg    . . .      Spirit   .   b - +0 leather armour
rPois   .          Reflect  .   (no helmet)
rElec   .          Harm     .   (no cloak)
rCorr   .          Rampage  .   (no gloves)
Will    +....                   (no boots)
Stlth   ++........              (no amulet)
HPRegen 0.05/turn               i - ring of willpower
MPRegen 0.09/turn               (no ring)

@: no status effects
A: no striking features
a: no special abilities


You were on level 2 of the Dungeon.
You visited 1 branch of the dungeon, and saw 2 of its levels.

You collected 77 gold pieces.

Inventory:

Hand Weapons
 a - a +0 club (weapon)
Armour
 b - a +0 leather armour (worn)
Jewellery
 i - a ring of willpower (left hand)
Wands
 c - a wand of flame (9) (quivered)
 d - a wand of charming (15)
Scrolls
 f - a scroll of teleportation {unknown}
 g - a scroll of identify {unknown}
 l - a scroll of blinking {unknown}
 m - a scroll of summoning {unknown}
Potions
 h - a potion of berserk rage {unknown}
 j - a potion of mutation {unknown}
 k - 2 potions of curing {unknown}
 n - a potion of haste {unknown}
Miscellaneous
 e - a piece from Xom's chessboard (9/15)


   Skills:
 - Level 0.7 Fighting
 - Level 0.7 Armour
 - Level 2.4 Dodging
 - Level 1.2 Stealth
 + Level 4.1 Evocations


You had one spell level left.
You didn't know any spells.
Your spell library contained the following spells:

 Spells                   Type           Power      Damage    Failure   Level
 Shock                    Conj/Air       0%         1d3       36%         1


Dungeon Overview and Level Annotations

Branches:
Dungeon (2/15)

Altars:


Message History

Aim: an orc, wielding a +0 hand axe and wearing a +0 leather armour (chance to affect: 75%)
Okay, then.
You make a move on Xom's chessboard...
The orc struggles to resist.
Unknown command.
You make a move on Xom's chessboard...
The orc suddenly stops moving!
Unknown command.
You make a move on Xom's chessboard...
The orc falls asleep!
Unknown command.
The helpless orc fails to defend itself.
You hit the orc but do no damage. The orc misses you.
You hit the orc but do no damage. You punch the orc.
The orc is lightly wounded.
The orc hits you with a +0 dagger. x2
Unknown command.
You make a move on Xom's chessboard...
The orc struggles to resist.
The orc hits you with a +0 dagger.
* * * LOW HITPOINT WARNING * * *
Unknown command.
You make a move on Xom's chessboard...
The orc struggles to resist.
The orc hits you with a +0 dagger.
* * * LOW HITPOINT WARNING * * *
Unknown command.
You make a move on Xom's chessboard...
The orc struggles to resist.
The orc hits you with a +0 dagger.
* * * LOW HITPOINT WARNING * * *
Unknown command.
Unknown command.
Aiming: Throw Flame
Press: ? - help, Shift-Dir - straight line, f - orc
Aim: an orc, wielding a +0 dagger, wearing a +0 chain mail and quivering boomerangs (lightly wounded, 79% to hit)
The puff of flame hits the orc.
The orc is heavily wounded.
The orc misses you.
Aiming: Throw Flame
Press: ? - help, Shift-Dir - straight line, f/p - orc
Aim: an orc, wielding a +0 dagger, wearing a +0 chain mail and quivering boomerangs (heavily wounded, 79% to hit)
The puff of flame misses the orc.
The puff of flame hits the orc!
You kill the orc!
The orc hits you with a +0 dagger.
You die...

#..#........#.# #.........
#...........#.####........ ###h
#...#######.#.......(..... .h..
....# #.#......#...... .....
#...# ####.#.############
#.....##...# #.......o. . #....
#..........# #.##.#..### #.#....
#.....#....###.##.#....###.#####
##..............@ooo.....o.......
.....####...###.##o.###.###......
#.........# #.##....... +......
#.........###.###.###.###......
#.#...................#.#........
............###.###.#.#..........
..#.#######.# #.......#[.........
# # #..######.###..........
.......................


You could see 4 orcs.

Vanquished Creatures
  A dart slug (D:2)
  An orc (D:2)
  An endoplasm (D:1)
  2 hobgoblins
  2 jackals (D:2)
  A bat (D:2)
  A frilled lizard (D:2)
  2 rats
11 creatures vanquished.

Notes
Turn   | Place    | Note
-------+----------+-------------------------------------------
     0 | D:1      | SnakkuSnakku7 the Deep Elf Artificer began the quest for
                  | the Orb.
     0 | D:1      | Reached XP level 1. HP: 11/11 MP: 3/3
    66 | D:1      | Found a faded altar of an unknown god.
    77 | D:1      | Got Plato's Tome of Combat Magic and the Birds
   906 | D:2      | Reached XP level 2. HP: 3/16 MP: 4/4
   909 | D:2      | Reached skill level 4 in Evocations
  1294 | D:2      | Slain by an orc

Illustrated notes

Levels and vault maps discovered:
D:1:      dpeg_arrival_pond, layout_loops_ring,
          shapermc_ecumenical_altar_rom_forum, solitary_fountain
D:2:      layout_basic, uniq_natasha

Skill      XL: |  1  2 |
---------------+-------+-----
Evocations     | 4 |  4.1
Fighting       | |  0.7
Armour         | |  0.7
Dodging        | |  2.4
Stealth        | |  1.2

Action                   || total
-------------------------++-------
Melee: Club              ||    40
       Punch             ||     2
Evoke: Wand              ||     6
       Piece from Xom's  ||     6
 Stab: Sleeping          ||     1
Armor: Leather armour    ||    13
Dodge: Dodged            ||    29
